 Dungeon Crawl Stone Soup version 0.29-a0-323-g050149af67 (webtiles) character file.

Game seed: 5658170485486390893

392 kae the Gusty (level 6, -2/53 HPs)
             Began as an Ogre Air Elementalist on Apr 10, 2022.
             Killed from afar by Grinder (5 damage)
             ... with a puff of flame
             ... in a sewer.
             The game lasted 00:03:43 (5551 turns).

kae the Gusty (Ogre Air Elementalist)               Turns: 5551, Time: 00:03:43

Health: -2/53      AC:  5    Str: 13      XL:     6   Next: 80%
Magic:  5/12       EV:  9    Int: 18      God:
Gold:   1254       SH:  0    Dex:  7 (9)  Spells: 7/13 levels left

rFire   . . .      SeeInvis +   c - +0 club
rCold   . . .      Faith    .   (no shield)
rNeg    . . .      Spirit   .   a - +1 robe
rPois   .          Reflect  .   (helmet restricted)
rElec   .          Harm     .   m - +0 cloak
rCorr   .          Rampage  .   (gloves unavailable)
Will    .....                   (boots unavailable)
Stlth   +.........              (no amulet)
HPRegen 0.17/turn               n - ring of see invisible
MPRegen 0.13/turn               (no ring)

@: no status effects
A: large, unfitting armour, tough skin 1
a: no special abilities


You were in a sewer.
You visited 1 branch of the dungeon, and saw 4 of its levels.
You also visited: Sewer.

You collected 1254 gold pieces.

Inventory:

Hand Weapons
 c - a +0 club (weapon)
Armour
 a - a +1 robe (worn)
 m - a +0 cloak (worn)
Jewellery
 n - a ring of see invisible (left hand)
Wands
 p - a wand of flame (12)
Scrolls
 e - 2 scrolls of teleportation
Potions
 b - a potion of magic
 d - a potion of brilliance
 f - 2 potions of haste {unknown}
 g - 2 potions of might
 h - a potion of cancellation {unknown}
 i - a potion of attraction
 o - a potion of mutation


   Skills:
 - Level 1.7 Dodging
 - Level 1.4 Stealth
 + Level 4.3 Spellcasting
 + Level 3.0 Conjurations
 * Level 5.1 Air Magic


You had 7 spell levels left.
You knew the following spells:

 Your Spells              Type           Power      Damage    Failure   Level
a - Shock                 Conj/Air       72%        1d7       2%          1
b - Static Discharge      Conj/Air       18%        N/A       4%          2
c - Swiftness             Air            22%        N/A       4%          3

Your spell library contained the following spells:

 Spells                   Type           Power      Damage    Failure   Level
 Animate Skeleton         Necr           6%         N/A       14%         1
 Apportation              Tloc           6%         N/A       14%         1
 Summon Small Mammal      Summ           12%        N/A       14%         1
 Airstrike                Air            11%        N/A       17%         4
 Blink                    Tloc           6%         N/A       22%         2
 Manifold Assault         Tloc           3%         N/A       99%         5
 Storm Form               Tmut/Air       6%         N/A       100%        7


Dungeon Overview and Level Annotations

Branches:
Dungeon (4/15)              Sewer (1/1)
 Temple: D:4-7

Altars:
Xom

Shops:
D:1 (

Annotations:
Sewer Grinder


Innate Abilities, Weirdness & Mutations

You are too large for most types of armour.
You have tough skin. (AC +1)


Message History

Grinder zaps a wand.
The puff of flame misses you.
Casting: Static Discharge (safe; 4% risk of failure)
Confirm with . or Enter, or press ? or * to list all spells.
Grinder is struck by an arc of lightning!
Grinder is severely wounded.
You are struck by an arc of lightning.
The lightning grounds out.
Grinder hits you.
You writhe in agony.
* * * LOW HITPOINT WARNING * * *
Grinder blinks!
Casting: Static Discharge (safe; 4% risk of failure)
Confirm with . or Enter, or press ? or * to list all spells.
Aiming: Shock (safe; 2% risk of failure)
Press: ? - help, Shift-Dir - straight line The zap hits the kobold.
You kill the kobold!
Grinder gestures at you. Pain shoots through your body!
* * * LOW HITPOINT WARNING * * *
You feel better.
Okay, then.
Aiming: Throw Flame
Press: ? - help, Shift-Dir - straight line, f - Grinder
Aim: Grinder, carrying a wand of flame (16) (severely wounded, 64% to hit)
The puff of flame hits Grinder.
Grinder is severely wounded.
Grinder hits you but does no damage.
Aiming: Throw Flame
Press: ? - help, Shift-Dir - straight line, f/p - Grinder
Aim: Grinder, carrying a wand of flame (16) (severely wounded, 64% to hit)
The puff of flame misses Grinder.
Grinder gestures at you. Pain shoots through your body!
* * * LOW HITPOINT WARNING * * *
Aiming: Throw Flame
Press: ? - help, Shift-Dir - straight line, f/p - Grinder
Aim: Grinder, carrying a wand of flame (16) (severely wounded, 64% to hit)
The puff of flame hits Grinder.
Grinder is almost dead.
Grinder zaps a wand.
The puff of flame hits you.
You die...

#############'####
###...##########
#...§...#≈≈≈≈≈≈##
+.......'.).....###
+.§._.§.'.)......∩#
+.......')).....###
#..§.§..#≈≈≈≈≈≈##
##.....#########
##''@## #≈.5.≈#
#≈§.)≈# #§...≈#
#§§..≈# #≈...≈#
#≈...≈# ##?$?##


You could see Grinder.

Vanquished Creatures
  A kobold brigand (Sewer)
  A scorpion (D:4)
  A quasit (Sewer)
  Natasha (thrice) (D:2)
  4 adders
  A river rat (D:4)
  2 shadow imps (Sewer)
  An ufetubus (Sewer)
  3 worms
  2 dart slugs (D:1)
  3 orcs (D:4)
  3 endoplasms
  3 giant cockroaches
  5 goblins
  6 hobgoblins
  2 quokkas
  12 ball pythons
  5 bats
  6 frilled lizards
  16 kobolds
  8 rats
  A bush (D:1)
89 creatures vanquished.

Vanquished Creatures (others)
  A kobold zombie (Sewer)
  A plant (D:1)
2 creatures vanquished.

Grand Total: 91 creatures vanquished

Notes
Turn   | Place    | Note
-------+----------+-------------------------------------------
     0 | D:1      | kae the Ogre Air Elementalist began the quest for the Orb.
     0 | D:1      | Reached XP level 1. HP: 16/16 MP: 3/3
   167 | D:1      | Reached skill level 1 in Conjurations
   226 | D:1      | Reached XP level 2. HP: 15/24 MP: 1/5
   342 | D:1      | Reached skill level 3 in Air Magic
   467 | D:1      | Found Lyalekk's Antique Weapon Shop.
   861 | D:1      | Reached XP level 3. HP: 25/31 MP: 1/7
   864 | D:1      | Learned a level 2 spell: Static Discharge
   868 | D:1      | Learned a level 3 spell: Swiftness
  2867 | D:2      | Found a shimmering altar of Xom.
  2960 | D:2      | Noticed Natasha
  2969 | D:2      | Killed Natasha
  2970 | D:2      | Reached XP level 4. HP: 12/39 MP: 0/8
  3179 | D:2      | Noticed Natasha
  3186 | D:2      | Killed Natasha
  3355 | D:2      | Noticed Natasha
  3359 | D:2      | Killed Natasha
  3360 | D:2      | Reached skill level 4 in Air Magic
  3360 | D:2      | Reached XP level 5. HP: 45/45 MP: 5/10
  3565 | D:2      | Found a faded altar of an unknown god.
  3867 | D:2      | Identified a scroll of acquirement
  3867 | D:2      | Acquired 986 gold pieces
  4886 | D:4      | Reached XP level 6. HP: 32/53 MP: 0/11
  5011 | D:4      | Found a glowing drain.
  5038 | Sewer    | Entered a sewer
  5306 | Sewer    | Found a burning altar of Makhleb.
  5362 | Sewer    | Reached skill level 5 in Air Magic
  5538 | Sewer    | Noticed Grinder
  5551 | Sewer    | Killed from afar by Grinder

Illustrated notes

Levels and vault maps discovered:
D:1:      minmay_arrival_solitary_statue, layout_basic, serial_forest,
          infiniplex_forest_lined_corner, infiniplex_forest_straight_5,
          infiniplex_forest_end_2, infiniplex_forest_end_1,
          infiniplex_forest_lined_room_2, infiniplex_forest_clump_diagonal,
          infiniplex_forest_clump_long, infiniplex_forest_lined_2,
          infiniplex_forest_clump_double, infiniplex_forest_end_double,
          serial_shops, nicolae_shop_trees, minmay_misc_feat_square,
          dreamdust_wishing_well
D:2:      layout_loops_cross, ebering_ecumenical_altar_hall, basic_altar,
          corner_web_ring, uniq_natasha
D:3:      layout_loops_ring
D:4:      layout_basic, gup_sewer_entry_bowl
Sewer:    kennysheep_sewer_church

Skill      XL: |  1  2  3  4  5  6 |
---------------+-------------------+-----
Conjurations   | 1 2 3 |  3.0
Air Magic      | 3 4 5 |  5.1
Spellcasting   | 3 4 |  4.3
Dodging        | |  1.7
Stealth        | |  1.4

Action                   |  1- 3 |  4- 6 || total
-------------------------+-------+-------++-------
Melee: Unarmed           |    10 |       ||    10
       Club              |   313 |    30 ||   343
       Punch             |     6 |       ||     6
 Cast: Shock             |    81 |   105 ||   186
       Static Discharge  |     3 |    11 ||    14
Evoke: Wand              |       |     3 ||     3
  Use: Potion            |     1 |     2 ||     3
       Scroll            |       |    12 ||    12
 Stab: Sleeping          |       |     3 ||     3
Armor: Robe              |    18 |    74 ||    92
Dodge: Dodged            |    26 |    55 ||    81

Table legend: (Time is in decaauts)
 A = Elapsed time spent in this place.
 B = Non-inter-level travel time spent in this place.
 C = Inter-level travel time spent in this place.
 D = Time resting spent in this place.
 E = Time spent auto-exploring this place.
 F = Levels seen in this place.
 G = Mean time per level.
                   A        B        C        D        E       F      G
               +--------+--------+--------+--------+--------+-----+--------+
         Total |   5657 |   5515 |    142 |    861 |   3681 |   5 | 1131.4 |
       Dungeon |   5136 |   4994 |    142 |    784 |   3347 |   4 | 1284.0 |
         Sewer |    521 |    521 |      0 |     77 |    334 |   1 |  521.0 |
               +--------+--------+--------+--------+--------+-----+--------+

Top non-repeatable levels by time:
     D:1: 2311 daAuts
     D:2: 1683 daAuts
     D:3: 843 daAuts
   Sewer: 521 daAuts
     D:4: 297 daAuts
